 Dungeon Crawl Stone Soup version 0.21.0 (webtiles) character file.

189 Clarigatio the Sneak (level 6, -2/40 HPs)
             Began as a Halfling Assassin on Apr 2, 2018.
             Slain by a killer bee (4 damage)
             ... on level 3 of the Dungeon.
             The game lasted 00:25:39 (1714 turns).

Clarigatio the Sneak (Halfling Assassin)            Turns: 1714, Time: 00:25:40

Health: -2/40      AC: 12    Str: 12    XL:     6   Next: 0%
Magic:  6/6        EV:  5    Int:  9    God:
Gold:   108        SH:  0    Dex: 18    Spells: 5/5 levels left

rFire    . . .     SeeInvis .   b - +0 blowgun
rCold    . . .     Gourm    .   (shield restricted)
rNeg     . . .     Faith    .   x - +0 plate armour
rPois    .         Spirit   .   (no helmet)
rElec    .         Reflect  .   d - +0 cloak
rCorr    .         Harm     .   (no gloves)
MR       .....                  p - +0 pair of boots
Stlth    ..........             (no amulet)
HPRegen  0.13/turn              (no ring)
MPRegen  0.10/turn              (no ring)

@: lethally poisoned (-2 -> -11)
A: small, mutation resistance 1
a: no special abilities


You were on level 3 of the Dungeon.
You were not hungry.

You visited 1 branch of the dungeon, and saw 4 of its levels.

You collected 108 gold pieces.

Inventory:

Hand Weapons
 a - a +2 dagger
 b - a +0 blowgun (weapon)
 r - a +0 hunting sling
 u - a cursed -2 whip
 w - a +0 hunting sling
Missiles
 f - 2 curare-tipped needles (quivered)
 s - 60 stones
 y - 20 arrows
Armour
 c - a +0 robe
 d - a +0 cloak (worn)
 e - a +0 leather armour
 k - a +0 robe
 p - a +0 pair of boots (worn)
 x - a +0 plate armour (worn)
Scrolls
 i - 2 scrolls of teleportation {unknown}
 l - 2 scrolls of remove curse {unknown}
 n - 3 scrolls of identify {unknown}
 v - a scroll of enchant armour {unknown}
 z - a scroll of amnesia {unknown}
Comestibles
 g - 8 rations
 j - 3 chunks of flesh


   Skills:
 + Level 2.3 Fighting
 + Level 3.1 Short Blades
 + Level 3.8 Throwing
 + Level 1.2 Armour
 + Level 1.5 Dodging
 + Level 5.5 Stealth


You had 5 spell levels left.
You didn't know any spells.

Dungeon Overview and Level Annotations

Branches:
Dungeon (4/15)
 Temple: D:4-7

Altars:
Cheibriados
Yredelemnul


Innate Abilities, Weirdness & Mutations

You are small and have problems with some larger weapons.
You are somewhat resistant to further mutation.


Message History

* * * LOW HITPOINT WARNING * * *
You feel sick. The killer bee barely misses you.
The killer bee stings you but does no damage.
* * * LOW HITPOINT WARNING * * *
You feel sick.
The killer bee stings you but does no damage. x2
It was a potion of magic.
Magic courses through your body.
* * * LOW HITPOINT WARNING * * *
You feel sick. The killer bee stings you.
* * * LOW HITPOINT WARNING * * *
The killer bee stings you but does no damage. x2
The killer bee stings you.
* * * LOW HITPOINT WARNING * * *
* * * LOW HITPOINT WARNING * * *
You feel sick. The killer bee closely misses you.
The killer bee stings you but does no damage.
Your magical contamination has completely faded away.
* * * LOW HITPOINT WARNING * * *
You feel sick. The killer bee stings you.
You die...

#....#..# #.#..##.#
#.#.....# # #..K.#..#.#
##.r>#..#.# #.r......###
##y.#......## #y##.##..#.#
#@...#...... #..........#
######### #......###.#
#[......# #............
####.......#####.....####.##
...........'<#.'.....+
...........###.#.....#
.....###'### #.#.....#
.....# #.รท.# #.#######


You could see 2 killer bees, a kobold and 2 rats.

Vanquished Creatures
  A killer bee (D:4)
  2 worker ants (D:2)
  4 adders (D:2)
  An ooze (D:2)
  A worm (D:2)
  3 dart slugs
  6 bats
  5 goblins
  6 hobgoblins
  5 jackals (D:1)
  A quokka (D:2)
  6 frilled lizards
  A kobold (D:2)
  11 rats
53 creatures vanquished.

Notes
Turn   | Place    | Note
-------+----------+-------------------------------------------
     0 | D:1      | Clarigatio the Halfling Assassin began the quest for the Orb.
     0 | D:1      | Reached XP level 1. HP: 14/14 MP: 1/1
   124 | D:1      | Reached XP level 2. HP: 17/19 MP: 2/2
   250 | D:1      | Reached skill level 5 in Stealth
   395 | D:1      | Reached XP level 3. HP: 22/24 MP: 3/3
   727 | D:2      | Found a snail-covered altar of Cheibriados.
   734 | D:2      | Reached XP level 4. HP: 24/29 MP: 4/4
   876 | D:2      | Reached XP level 5. HP: 22/34 MP: 5/5
  1295 | D:2      | Found a basalt altar of Yredelemnul.
  1644 | D:4      | Reached skill level 1 in Armour
  1644 | D:4      | Reached XP level 6. HP: 37/40 MP: 6/6
  1714 | D:3      | HP: 2/40 [poisoned by a killer bee]
  1714 | D:3      | Slain by a killer bee

Skill      XL: |  1  2  3  4  5 |
---------------+----------------+-----
Stealth        | 5 |  5.5
Fighting       | 2 |  2.3
Throwing       | 3 |  3.8
Short Blades   | 3 |  3.1
Armour         | 1 |  1.2
Dodging        | |  1.5

Action                   |  1- 3 |  4- 6 || total
-------------------------+-------+-------++-------
Melee: Dagger            |    49 |    57 ||   106
 Fire: Blowgun           |    35 |    22 ||    57
Throw: Stone             |       |     1 ||     1
  Use: Potion            |       |     4 ||     4
 Stab: Sleeping          |       |     5 ||     5
       Invisible         |       |     1 ||     1
  Eat: Chunk             |       |     2 ||     2
Armor: Robe              |     9 |       ||     9
       Leather armour    |     1 |    10 ||    11
       Plate armour      |       |    29 ||    29
Dodge: Dodged            |    39 |    41 ||    80
